 Dungeon Crawl Stone Soup version 0.23.2-40-g277498a001 (webtiles) character file.

Game seed: 1093009867010094465

1845 Descartes the Blocker (level 9, 0/103 HPs)
             Began as a Formicid Fighter on Aug 21, 2019.
             Was an Initiate of Gozag.
             Slain by an orc warrior
             ... wielding a cursed +0 long sword
              (6 damage)
             ... on level 6 of the Dungeon.
             The game lasted 00:12:16 (5420 turns).

Descartes the Blocker (Formicid Fighter)            Turns: 5420, Time: 00:12:16

Health: 0/103      AC: 24    Str: 25    XL:     9   Next: 34%
Magic:  11/11      EV:  2    Int: 13    God:    Gozag
Gold:   357        SH: 11    Dex: 13    Spells: 8/8 levels left

rFire    . . .     SeeInvis .   a - +0 war axe
rCold    . . .     Gourm    .   c - +0 shield
rNeg     + + +     Faith    .   (armour currently unavailable)
rPois    +         Spirit   .   (helmet unavailable)
rElec    .         Reflect  .   (cloak currently unavailable)
rCorr    .         Harm     .   (gloves currently unavailable)
MR       .....                  (boots currently unavailable)
Stlth    +++.......             (no amulet)
HPRegen  0.27/turn              n - +4 ring of strength
MPRegen  0.12/turn              (no ring)

@: brilliant, tree-form
A: permanent stasis, dig shafts and tunnels, four strong arms
a: Potion Petition, Call Merchant, Bribe Branch, Renounce Religion


You were on level 6 of the Dungeon.
You worshipped Gozag.
Gozag was aware of your devotion.
You were hungry.
You were a tree.
You visited 2 branches of the dungeon, and saw 7 of its levels.

You collected 433 gold pieces.
You paid 76 gold pieces to Gozag.

Inventory:

Hand Weapons
 a - a +0 war axe (weapon)
 A - a +2 trident of venom
Missiles
 k - 117 arrows
 m - 202 stones (quivered)
 t - 7 javelins
 w - 11 poisoned needles
Armour
 c - a +0 shield (worn)
 s - a +3 ring mail of fire resistance (melded)
Jewellery
 n - a +4 ring of strength (left branch)
Wands
 q - a wand of flame (3)
 u - a wand of paralysis (3)
 D - a wand of random effects (27)
Scrolls
 b - a scroll of remove curse {unknown}
 g - a scroll of enchant armour {unknown}
 h - a scroll of random uselessness {unknown}
 i - 7 scrolls of teleportation {unknown}
 j - 2 scrolls of blinking {unknown}
 l - 3 scrolls of amnesia {unknown}
 p - 5 scrolls of identify {unknown}
 x - a scroll of magic mapping {unknown}
 y - a scroll of fear {unknown}
 C - 2 scrolls of immolation {unknown}
Potions
 d - 2 potions of might
 e - 4 potions of curing
 o - a potion of brilliance
 r - 2 potions of lignification
 v - a potion of mutation {unknown}
 z - a potion of haste {unknown}
 B - 2 potions of resistance {unknown}
Comestibles
 f - 8 rations


   Skills:
 + Level 5.6 Fighting
 + Level 4.7 Axes
 + Level 5.6 Armour
 + Level 3.6 Dodging
 + Level 4.2 Stealth
 * Level 8.0 Shields
 + Level 3.4 Evocations


You had 8 spell levels left.
You didn't know any spells.
Your spell library was empty.

Dungeon Overview and Level Annotations

Branches:
Dungeon (6/15)             Temple (1/1) D:5

Altars:
Ashenzari
Cheibriados
Dithmenos
Elyvilon
Fedhas
Gozag
Hepliaklqana
Kikubaaqudgha
Makhleb
Nemelex Xobeh
Okawaru
Ru
Sif Muna
Trog
Uskayaw
Wu Jian
Xom
The Shining One

Shops:
D:6 =

Annotations:
D:6 Eustachio


Innate Abilities, Weirdness & Mutations

You cannot be hasted, slowed, berserked, paralysed or teleported.
You can dig through walls and to a lower floor.
Your four strong arms can wield two-handed weapons with a shield.
((You have a pair of large antennae on your head. (SInv)))


Message History

You block the orc warrior's attack.
You hit the orc warrior but do no damage.
The orc warrior is moderately wounded.
You block the orc warrior's attack.
You hit the orc warrior.
The orc warrior is heavily wounded.
The orc warrior barely misses you.
The orc warrior hits you with a cursed +0 long sword.
* * * LOW HITPOINT WARNING * * *
You hit the orc warrior but do no damage.
The orc warrior is heavily wounded.
The orc warrior hits you but does no damage.
It was a potion of lignification.
You turn into a tree.
Your +3 ring mail of fire resistance melds into your body.
You feel less resistant to fire.
Your roots penetrate the ground.
It was a potion of brilliance.
You feel clever all of a sudden.
The orc warrior hits you with a cursed +0 long sword.
You die...
Your body crumbles into a pile of gold.

....# ..... .....###....
...........#
...........#
#..........# ###
#.......... ##.###
#.....$o.# #....#
##.....♣# #....### $
#.......#####......#
##....#...#........#####
##...#.................
#.[ #.................
##.................)..
..........#..........
##.........#..........
## #.........##..###...#


You could see an orc warrior.

Vanquished Creatures
  Sigmund (D:6)
  A sky beast (D:5)
  A phantom (D:6)
  3 ogres
  2 centaurs (D:5)
  A bullfrog (D:6)
  A gnoll sergeant (D:6)
  2 howler monkeys
  2 vampire bats (D:4)
  2 crimson imps
  3 hounds (D:5)
  A jelly (D:5)
  5 orc priests
  5 orc wizards
  A bullfrog skeleton (D:5)
  Jessica (D:2)
  Ijyb (D:3)
  Terence (D:2)
  A worker ant (D:4)
  A hound skeleton (D:4)
  3 adders
  4 gnolls
  2 shadow imps
  3 oozes
  2 adder skeletons
  4 worms
  3 dart slugs
  2 leopard geckos
  16 orcs
  4 ball pythons
  2 bat skeletons (D:4)
  3 bat zombies (D:4)
  3 giant cockroaches
  7 goblins
  6 hobgoblins
  9 jackals
  5 kobolds
  3 quokkas
  12 bats
  2 frilled lizards (D:3)
  A leopard gecko zombie (D:6)
  5 rats
137 creatures vanquished.

Notes
Turn   | Place    | Note
-------+----------+-------------------------------------------
     0 | D:1      | Descartes the Formicid Fighter began the quest for the Orb.
     0 | D:1      | Reached XP level 1. HP: 18/18 MP: 1/1
    72 | D:1      | Reached XP level 2. HP: 17/24 MP: 2/2
    80 | D:1      | Reached skill level 4 in Shields
   332 | D:1      | Reached XP level 3. HP: 29/29 MP: 3/3
   775 | D:2      | Found a glowing golden altar of the Shining One.
   828 | D:2      | Found a sparkling altar of Nemelex Xobeh.
   860 | D:2      | Reached XP level 4. HP: 32/36 MP: 4/4
   906 | D:2      | Noticed Jessica
   912 | D:2      | Killed Jessica
   912 | D:2      | Reached skill level 1 in Dodging
  1219 | D:2      | Noticed Terence
  1233 | D:2      | Killed Terence
  1233 | D:2      | Reached XP level 5. HP: 27/42 MP: 5/5
  1827 | D:3      | Reached skill level 5 in Shields
  1840 | D:3      | Reached XP level 6. HP: 48/48 MP: 6/6
  2117 | D:3      | Noticed Ijyb
  2124 | D:3      | Killed Ijyb
  2648 | D:4      | Reached skill level 1 in Stealth
  2733 | D:4      | Found an ancient bone altar of Kikubaaqudgha.
  2749 | D:4      | Reached XP level 7. HP: 53/55 MP: 7/7
  2773 | D:4      | Reached skill level 1 in Evocations
  2987 | D:4      | Reached skill level 6 in Shields
  3199 | D:4      | Found a shimmering altar of Xom.
  3199 | D:4      | Found a shadowy altar of Dithmenos.
  3348 | D:5      | Entered Level 5 of the Dungeon
  3542 | D:5      | Reached XP level 8. HP: 35/61 MP: 9/9
  3825 | D:5      | Reached skill level 5 in Fighting
  4107 | D:5      | Reached skill level 5 in Armour
  4107 | D:5      | Reached skill level 7 in Shields
  4171 | D:5      | Found a staircase to the Ecumenical Temple.
  4279 | Temple   | Entered the Ecumenical Temple
  4432 | Temple   | Became a worshipper of Gozag Ym Sagoz the Greedy
  5165 | D:6      | Noticed Eustachio
  5245 | D:6      | Found Xasin's Jewellery Boutique.
  5272 | D:6      | Reached XP level 9. HP: 68/68 MP: 11/11
  5360 | D:6      | Noticed Sigmund
  5375 | D:6      | Killed Sigmund
  5375 | D:6      | Reached skill level 8 in Shields
  5417 | D:6      | HP: 3/69 [orc warrior/cursed +0 long sword (5)]
  5420 | D:6      | Slain by an orc warrior

Skill      XL: |  1  2  3  4  5  6  7  8  9 |
---------------+----------------------------+-----
Shields        | 4 5 6 7 8 |  8.0
Dodging        | 1 2 3 |  3.6
Fighting       | 4 5 |  5.6
Armour         | 4 5 |  5.6
Axes           | 3 4 |  4.7
Stealth        | 1 2 3 4 |  4.2
Evocations     | 1 3 |  3.4

Action                   |  1- 3 |  4- 6 |  7- 9 || total
-------------------------+-------+-------+-------++-------
Melee: War axe           |   108 |   159 |   281 ||   548
 Abil: Dig               |     2 |     2 |     6 ||    10
  Use: Potion            |       |       |     3 ||     3
 Stab: Sleeping          |       |       |     1 ||     1
  Eat: Chunk             |       |     7 |     6 ||    13
       Ration            |       |       |     1 ||     1
Armor: Scale mail        |    68 |    19 |       ||    87
       Ring mail         |       |    49 |    75 ||   124
Dodge: Dodged            |    40 |    77 |   139 ||   256
Block: Shield            |    80 |    96 |   158 ||   334
